[Event "Late-Titled-Tuesday-Blitz-January-23-2024"]
[Site "Chess.com"]
[Date "2024.01.23"]
[Round "11"]
[White "JoakimVonAnd"]
[Black "brm72"]
[Result "0-1"]
[WhiteElo "2627"]
[BlackElo "2685"]
[TimeControl "180+1"]
[EndTime "16:02:26 PST"]
[Termination "brm72 won by checkmate"]

1. d4 Nf6 2. c4 e6 3. Bf4 c5 4. d5 exd5 5. cxd5 g6 6. Nc3 Bg7 7. e3 O-O 8. h3 a6 9. a4 d6 10.
Nf3 Re8 11. Nd2 b6 12. Be2 Bb7 13. Nc4 Bf8 14. O-O Qc7 15. Bh2 Nbd7 16. f4 Ne4 17. Nxe4 Rxe4 18. Bd3 Ree8 19. e4 b5 20. axb5 axb5 21.
Rxa8 Bxa8 22. Na3 c4 23. Bb1 Qb6+ 24. Kh1 Nf6 25. Re1 Bg7 26. Bg1 Qb8 27. Bd4 Nh5 28. Bxg7 Kxg7 29. Qd4+ Kg8 30. e5 Qb7 31. Rd1 Qe7 32.
Nxb5 dxe5 33. fxe5 Qxe5 34. Qxe5 Rxe5 35. d6 Bc6 36.
Na3 Re2 37. Rg1 Nf4 38. Nxc4 Bxg2+ 39. Kh2 Bd5+ 40. Kg3 Nh5+ 41. Kh4 Bxc4 42. Rd1 Re8 43. Be4 Rxe4+ 44. Kg5 Kg7 45. d7 h6# 0-1

[Event "Late-Titled-Tuesday-Blitz-January-23-2024"]
[Site "Chess.com"]
[Date "2024.01.23"]
[Round "11"]
[White "maximnovik"]
[Black "AlexOstrovskiy"]
[Result "1-0"]
[WhiteElo "2597"]
[BlackElo "2740"]
[TimeControl "180+1"]
[EndTime "16:02:31 PST"]
[Termination "maximnovik won on time"]

1. e4 d5 2. exd5 Nf6 3. c4 e6 4. dxe6 Bxe6 5. Nf3 Qe7 6. Be2 Bxc4 7. d3 Be6 8. O-O Nc6 9. Nc3 O-O-O 10. Be3 Nd5 11. Nxd5 Bxd5 12. Rc1 Qd7 13. Qa4 a6 14. Rc3 Be7 15.
Rfc1 Bf6 16. d4 Nb8 17. Bf4 c6 18. Ne5 Bxe5 19. Bxe5 f6 20. Bg3 Rhe8 21. Bf1 g5 22.
Qa5 h5 23. h3 h4 24. Bh2 Re4 25.
Qb6 Qe7 26. Qa7 Rd6 27. Bxd6 Qxd6 28. Bd3 Re7 29. Bf5+ Kc7 30. Qc5 Qd8 31. Re3 Rxe3 32. fxe3 Qd6 33. Qxd6+ Kxd6 34. e4 Bxa2 35. Kf2 Bf7 36.
Ke3 a5 37. Rf1 Na6 38. Bc8 Ke7 39. Bxb7 Nb4 40. Rc1 Be8 41. Kd2 Bd7 42. Ra1 1-0

[Event "Late-Titled-Tuesday-Blitz-January-23-2024"]
[Site "Chess.com"]
[Date "2024.01.23"]
[Round "11"]
[White "Mops_2004"]
[Black "Oleksandr_Bortnyk"]
[Result "0-1"]
[WhiteElo "2876"]
[BlackElo "3052"]
[TimeControl "180+1"]
[EndTime "16:02:33 PST"]
[Termination "Oleksandr_Bortnyk won by resignation"]

1. Nf3 Nf6 2. g3 b6 3. Bg2 Bb7 4. O-O g6 5. c4 Bg7 6. d4 O-O 7. d5 Na6 8. Nc3 Nc5 9. Qc2 Ne8 10. Rb1 a5 11. b3 Nd6 12. Bb2 e5 13. dxe6 dxe6 14.
Rbd1 Qe7 15. Ne1 Bxg2 16. Nxg2 a4 17. Nf4 axb3 18. axb3 Rfd8 19. Nd3 Qg5 20. Nb4 Qf5 21. Nd3 h5 22. h4 Rd7 23. Rd2 Nde4 24. Nxe4 Nxe4 25. Rdd1 Ra2 26. Qb1 Ra8 27. Bxg7 Kxg7 28. Qb2+ Qf6 29. Qxf6+ Kxf6 30. Ra1 Rxa1 31. Rxa1 Nc3 32.
Kf1 e5 33. Ke1 Ne4 34. Ra7 Ke6 35. Ra8 f6 36. Rg8 Kf7 37. Rc8 Nc3 38. Kd2 Ne4+ 39. Ke3 Nd6 40. Ra8 Nf5+ 41. Ke4 Rd4+ 0-1

[Event "Late-Titled-Tuesday-Blitz-January-23-2024"]
[Site "Chess.com"]
[Date "2024.01.23"]
[Round "11"]
[White "OneTrickPony_82"]
[Black "angelgab3"]
[Result "0-1"]
[WhiteElo "2512"]
[BlackElo "2699"]
[TimeControl "180+1"]
[EndTime "16:02:35 PST"]
[Termination "angelgab3 won on time"]

1. d4 Nf6 2. c4 e6 3. Nf3 d5 4.
Nc3 dxc4 5. e4 b5 6. Nxb5 Nxe4 7. Qa4 c6 8. Nc3 Nd6 9. Ne5 Be7 10. Nxc6 Nxc6 11. Qxc6+ Bd7 12. Qf3 O-O 13. Be2 Nf5 14.
Be3 Rb8 15. Bxc4 Rxb2 16. O-O Qc7 17. Nd1 Rb4 18. Bd3 Nxd4 19. Qh3 Nf5 20. g4 Qd6 21. Bc2 Rc8 22. Rc1 Rbc4 23. Bxf5 exf5 24. Rxc4 Rxc4 25. gxf5 Qf6 26. Qf3 Bxf5 27. h3 Qg6+ 28. Qg3 Qxg3+ 29. fxg3 Bxh3 30. Rf4 Rc2 31. Bxa7 Rc1 32. Rd4 Bf6 33.
Rd6 Bg4 0-1

[Event "Late-Titled-Tuesday-Blitz-January-23-2024"]
[Site "Chess.com"]
[Date "2024.01.23"]
[Round "11"]
[White "dosto07"]
[Black "Bkmzzzzz"]
[Result "1-0"]
[WhiteElo "2542"]
[BlackElo "2422"]
[TimeControl "180+1"]
[EndTime "16:02:36 PST"]
[Termination "dosto07 won by resignation"]

1. e4 d6 2. d4 Nf6 3. Nc3 e5 4. Nf3 Nbd7 5. Bc4 Be7 6. O-O O-O 7. Re1 c6 8. a4 b6 9. d5 cxd5 10. Nxd5 Nxd5 11. Bxd5 Rb8 12. Be3 Nf6 13. Qd3 Nxd5 14.
Qxd5 Bb7 15. Qd3 f5 16. exf5 e4 17. Qb3+ Kh8 18. Nd4 Qd7 19. a5 bxa5 20. Rxa5 a6 21.
Qe6 Qc7 22. Qa2 Rfe8 23. c3 Bf6 24. Ra4 d5 25. h3 Qd7 26. Rb4 Ra8 27. Qa4 Qxa4 28.
Rxa4 Bxd4 29. Bxd4 Bc6 30. Ra5 Bb5 31. Re3 Kg8 32. Rg3 Re7 33. f6 Rf7 34. Rxg7+ Rxg7 35. fxg7 Kf7 36. Ra1 Rb8 37. b4 Rc8 38. Re1 Rc4 39. Re3 Rc8 40. Rg3 Rg8 41. Rg5 Bc4 42.
Rf5+ Kg6 43. Rf8 Rxg7 44. Bxg7 Kxg7 45. Rc8 Kg6 46. Rc7 h6 47. g4 Kg5 48. Kg2 Kg6 49.
Kg3 Kg5 50. Rc6 1-0

[Event "Late-Titled-Tuesday-Blitz-January-23-2024"]
[Site "Chess.com"]
[Date "2024.01.23"]
[Round "11"]
[White "Viktor_Poddubnyi"]
[Black "ProChessWICTH"]
[Result "0-1"]
[WhiteElo "2289"]
[BlackElo "2519"]
[TimeControl "180+1"]
[EndTime "16:02:36 PST"]
[Termination "ProChessWICTH won on time"]

1. e4 c6 2. d4 d5 3. exd5 cxd5 4.
c4 Nf6 5. Nc3 g6 6. Qb3 Bg7 7.
cxd5 O-O 8. Be2 Nbd7 9. Bf3 Nb6 10. Nge2 Bg4 11. Bxg4 Nxg4 12. a4 Qc8 13. O-O Rd8 14. a5 Nc4 15. Bg5 Nf6 16. Rfc1 Nd6 17. Nb5 Qg4 18.
Bxf6 Bxf6 19. Nxd6 exd6 20. Qd3 Rac8 21. Rd1 Re8 22.
f3 Qg5 23. Qd2 Qxd5 24. Nc3 Qh5 25. Ne4 Be7 26. Rac1 d5 27. Nc5 Bg5 28. f4 Re2 29. Qd3 Bxf4 0-1

[Event "Late-Titled-Tuesday-Blitz-January-23-2024"]
[Site "Chess.com"]
[Date "2024.01.23"]
[Round "11"]
[White "jcmesafischer"]
[Black "The_Straightforward_Rook"]
[Result "0-1"]
[WhiteElo "2352"]
[BlackElo "2458"]
[TimeControl "180+1"]
[EndTime "16:02:39 PST"]
[Termination "The_Straightforward_Rook won on time"]

1. e4 c6 2. Nf3 d5 3. Nc3 dxe4 4. Nxe4 Nf6 5. Qe2 Nxe4 6. Qxe4 Qd5 7. Qh4 Qe6+ 8. Be2 Qg4 9. Qg3 Qxg3 10. hxg3 g6 11. d4 Bg7 12. Ne5 Nd7 13. f4 Nxe5 14. dxe5 Bf5 15.
c3 h5 16. Be3 b6 17. Bf3 Kd7 18. O-O-O+ Kc7 19. Rd4 Rad8 20. Rhd1 c5 21. Rxd8 Rxd8 22. Rxd8 Kxd8 23. Bd5 f6 24. exf6 Bxf6 25. Kd2 Kc7 26. Bc4 Kd6 27. Bd3 e6 28. a4 Kd5 29. b3 e5 30. Bc4+ Kd6 31. b4 Be4 32. Bf1 Bc6 33.
a5 Kd5 34. Be2 Be7 35. axb6 axb6 36. bxc5 bxc5 37. Bf3+ e4 38. Be2 Bf6 39. c4+ Kd6 40. g4 h4 41. g5 Bd4 42. Bg4 Bd7 43. Bd1 Bf5 44. Ba4 Kc7 45. Be8 Kb6 46. Bf7 Ka5 47.
Ke2 Kb4 48. Bf2 Kc3 49. Bxh4 e3 50. Be1+ Kc2 51. Bd5 Bd3+ 52. Kf3 Kd1 53. Ba5 e2 54. g4 Bb2 55. f5 gxf5 56. gxf5 Bxf5 57. Bf7 Bc1 58.
g6 Bd2 0-1

[Event "Late-Titled-Tuesday-Blitz-January-23-2024"]
[Site "Chess.com"]
[Date "2024.01.23"]
[Round "11"]
[White "Eloist"]
[Black "Ducke13"]
[Result "1-0"]
[WhiteElo "2433"]
[BlackElo "2307"]
[TimeControl "180+1"]
[EndTime "16:02:39 PST"]
[Termination "Eloist won on time"]

1. e4 c5 2. Nf3 d6 3. Bb5+ Nd7 4.
O-O a6 5. Bd3 Ngf6 6. Re1 e6 7. c3 b5 8. Bc2 c4 9. b4 Bb7 10. a4 Be7 11. d4 cxd3 12. Qxd3 bxa4 13. Bxa4 O-O 14. Nbd2 Qc7 15. Bb2 Rfc8 16. c4 Bc6 17. Bc2 Qb7 18. Bc3 h6 19. Reb1 d5 20. b5 axb5 21. cxb5 Rxa1 22. Bxa1 dxe4 23. Qf1 exf3 24.
bxc6 Qxc6 25. Rc1 fxg2 26. Qe2 g6 27. Bb2 Qb7 28. Bd4 Ba3 29. Rb1 Qd5 30. Qd3 Rxc2 31. Qxc2 Qxd4 32. Nf3 Qe4 33. Ne1 1-0

[Event "Late-Titled-Tuesday-Blitz-January-23-2024"]
[Site "Chess.com"]
[Date "2024.01.23"]
[Round "11"]
[White "kai_nov"]
[Black "TheMagician"]
[Result "1-0"]
[WhiteElo "2281"]
[BlackElo "2143"]
[TimeControl "180+1"]
[EndTime "16:02:40 PST"]
[Termination "kai_nov won on time"]

1. d4 Nf6 2. c4 e6 3. Nc3 d5 4. cxd5 Nxd5 5. e4 Nxc3 6. bxc3 c5 7. a3 cxd4 8. cxd4 Be7 9. Nf3 O-O 10. Bd3 b6 11. Qe2 Nc6 12. Bb2 Bb7 13. O-O Rc8 14. Rad1 Re8 15. Rfe1 g6 16. h3 Bf6 17. Bb5 Na5 18. Bxe8 Qxe8 19. d5 Bxb2 20. Qxb2 Nc4 21. Qb3 exd5 22. exd5 Qd8 23. Ne5 Nxe5 24. Rxe5 Qd6 25.
Qe3 Kg7 26. Re7 Ba6 27. Rxa7 Bc4 28. Qe7 Qxe7 29. Rxe7 Rd8 30. d6 Be6 31. Rb7 Kf6 32.
Rxb6 Ke5 33. Ra6 Bd7 34. a4 f5 35. a5 Ke6 36. Rb6 Ra8 37. a6 Ra7 38. Re1+ Kd5 39. Re7 Kc5 40. Rb7 1-0

[Event "Late-Titled-Tuesday-Blitz-January-23-2024"]
[Site "Chess.com"]
[Date "2024.01.23"]
[Round "11"]
[White "Horokoskii"]
[Black "maurovargas01"]
[Result "1-0"]
[WhiteElo "2087"]
[BlackElo "1837"]
[TimeControl "180+1"]
[EndTime "16:02:40 PST"]
[Termination "Horokoskii won by checkmate"]

1. c4 e5 2. Nc3 Nc6 3. Nf3 f5 4.
e4 d6 5. Bd3 Nf6 6. O-O fxe4 7.
Nxe4 Nb4 8. Bb1 Bg4 9. a3 Nc6 10.
h3 Bh5 11. g4 Bg6 12. Nxf6+ Qxf6 13. Bxg6+ Qxg6 14. Nh4 Qf6 15. Qf3 Qxh4 16. d3 Nd4 17. Qxb7 Qd8 18. Be3 Ne2+ 19. Kg2 Be7 20. Rfe1 Nf4+ 21.
Bxf4 exf4 22. Qc6+ Qd7 23. Qxa8+ Qd8 24. Qc6+ Kf7 25. Qd5+ Kf8 26. Qf5+ Bf6 27. Qxf4 Qa8+ 28. Qf3 Qc8 29. Re4 h5 30. g5 Qd8 31. gxf6 gxf6 32.
Rae1 Rg8+ 33. Kh2 d5 34. Re8+ Qxe8 35. Rxe8+ Kxe8 36. Qxd5 Rg5 37. Qe6+ Kf8 38. Qxf6+ Kg8 39. Qxg5+ Kf7 40. Qxh5+ Kf6 41. Qg4 a5 42. h4 a4 43.
h5 c5 44. h6 Kf7 45. h7 Ke7 46. h8=Q Kf7 47. Qh7+ Kf6 48. Qh6+ Ke5 49. Qhh5+ Kd6 50. Qgg6+ Kc7 51. Qhh7+ Kb8 52. Qb6+ Ka8 53. Qa6+ Kb8 54. Qab7# 1-0

[Event "Late-Titled-Tuesday-Blitz-January-23-2024"]
[Site "Chess.com"]
[Date "2024.01.23"]
[Round "11"]
[White "alexgo05"]
[Black "IraZyne"]
[Result "0-1"]
[WhiteElo "2358"]
[BlackElo "2238"]
[TimeControl "180+1"]
[EndTime "16:02:41 PST"]
[Termination "IraZyne won on time"]

1. Nf3 d5 2. b3 f6 3. Bb2 e5 4. d4 e4 5. Nfd2 c6 6. c4 Be6 7.
e3 f5 8. Nc3 Nf6 9. Be2 Bd6 10.
Qc2 Nbd7 11. cxd5 cxd5 12. Nb5 Bb8 13. Rc1 O-O 14. Nc7 Bxc7 15. Qxc7 Qe8 16. Qa5 Qg6 17.
g3 b6 18. Qa6 h5 19. h4 Ng4 20. Rc6 Qf7 21. Ba3 Rfe8 22. Bd6 Ndf6 23. O-O Bc8 24.
Qa3 Bd7 25. Rc7 Qe6 26. Rfc1 a5 27. Rb7 b5 28. Bf4 b4 29. Qb2 Rec8 30. Rcc7 Rxc7 31. Rxc7 Rc8 32. Rxc8+ Bxc8 33. Qc2 Ba6 34. Bxa6 Qxa6 35. Nf1 Kh7 36. Be5 Kg6 37. Bxf6 Nxf6 38. Nh2 Qb5 39.
Qc1 Qe2 40. Kg2 Qxa2 41. Qd1 Qb2 0-1

[Event "Late-Titled-Tuesday-Blitz-January-23-2024"]
[Site "Chess.com"]
[Date "2024.01.23"]
[Round "11"]
[White "Knjazj"]
[Black "IsaqueGoncalvesSanto"]
[Result "0-1"]
[WhiteElo "2027"]
[BlackElo "1810"]
[TimeControl "180+1"]
[EndTime "16:02:41 PST"]
[Termination "IsaqueGoncalvesSanto won by checkmate"]

1. e4 e6 2. Nf3 d5 3. exd5 exd5 4. d4 Bd6 5. Bd3 Ne7 6. h3 O-O 7. Bg5 f6 8. Bh4 Nf5 9. O-O Nc6 10. c3 Nce7 11.
g4 Nxh4 12. Nxh4 Bf4 13. Ng2 Qd6 14. Qf3 Bh6 15. Re1 Bd7 16. Na3 c6 17. Nc2 Be8 18.
Re2 Bg6 19. Rae1 Bxd3 20. Qxd3 Ng6 21. Re6 Qd7 22. Qe2 Bf4 23. Qf3 Bc7 24. h4 Rad8 25.
h5 Ne5 26. Qf5 g6 27. hxg6 hxg6 28. Qf4 Qxe6 29. dxe5 fxe5 30. Qg5 e4 31. Nge3 Qd6 32. Kf1 Qh2 33. Ke2 Qxf2+ 34. Kd1 Bf4 35. Qxg6+ Kh8 36.
Qh5+ Kg7 37. Nf5+ Rxf5 38. Re2 Qxe2+ 39. Kxe2 Rxh5 40. Nd4 Re8 41. b3 Rh2+ 42. Kd1 Rxa2 43. Nf5+ Kf6 44. Nd4 Rh8 45. Nc2 Rxc2 46. Kxc2 Rh2+ 47.
Kd1 Kg5 48. c4 Kxg4 49. cxd5 cxd5 50. b4 d4 51. b5 d3 52. b6 Rh1# 0-1

[Event "Late-Titled-Tuesday-Blitz-January-23-2024"]
[Site "Chess.com"]
[Date "2024.01.23"]
[Round "11"]
[White "Mikhail_Golubev"]
[Black "shimastream"]
[Result "0-1"]
[WhiteElo "2578"]
[BlackElo "3010"]
[TimeControl "180+1"]
[EndTime "16:02:43 PST"]
[Termination "shimastream won on time"]

1. e4 b6 2. d4 Bb7 3. Bd3 e6 4. Nf3 c5 5. c3 Nf6 6. Qe2 d5 7. e5 Nfd7 8. Bg5 Qc7 9. O-O h6 10. Be3 Nc6 11. Nbd2 Be7 12. b3 g5 13. h3 O-O-O 14.
Rac1 Kb8 15. c4 Nb4 16. Bb1 Rhg8 17. a3 cxd4 18. Nxd4 Na6 19. cxd5 Qxe5 20. Nc6+ Bxc6 21. dxc6 Ndc5 22. b4 g4 23. hxg4 h5 24. bxc5 Nxc5 25. Nf3 Qc7 26. g5 f6 27. Rfd1 Rdf8 28. Bxc5 Bxc5 29. Qxe6 Re8 30. Qd7 fxg5 31. Qxc7+ Kxc7 32. Rd7+ Kxc6 33. Rxa7 g4 34. Nd4+ Kd5 35. Nb5 Ke5 36. g3 h4 37. Kg2 Kf6 38. gxh4 Re2 39. Rf1 g3 40. Kf3 g2 41. Rg1 Rxf2+ 42. Ke4 Rg4+ 43.
Kd5 Rd2+ 44. Kc6 Bxg1 45. Nc3 Rc4+ 0-1

[Event "Late-Titled-Tuesday-Blitz-January-23-2024"]
[Site "Chess.com"]
[Date "2024.01.23"]
[Round "11"]
[White "nindjaxx8"]
[Black "Fernando_Offermann"]
[Result "1-0"]
[WhiteElo "2610"]
[BlackElo "2451"]
[TimeControl "180+1"]
[EndTime "16:02:43 PST"]
[Termination "nindjaxx8 won by resignation"]

1. d4 Nf6 2. c4 g6 3. Nc3 Bg7 4. e4 d6 5. Be2 O-O 6. Be3 c5 7. d5 e6 8. Nf3 exd5 9. cxd5 Bg4 10. O-O Bxf3 11. Bxf3 Nbd7 12. g3 Re8 13. Bg2 Qa5 14.
Qc2 b5 15. a3 Rac8 16. Bf4 Ne5 17. Rfe1 c4 18. Bxe5 Rxe5 19. f4 Re7 20. e5 Ng4 21. Bh3 h5 22. Bxg4 hxg4 23. e6 f5 24. Kh1 a6 25.
Rad1 Qb6 26. Re2 Bf6 27. Rde1 Rc5 28. Nd1 Rxd5 29. Ne3 Rd3 30. Ng2 Qd4 31. a4 b4 32.
a5 Kg7 33. Ne3 Qe4+ 34. Ng2 Qd4 35. Ne3 d5 36. Qa4 Rxe6 37. Nxf5+ gxf5 38. Qd7+ Kg6 39. Rxe6 Rd1 40. Qe8+ Kg7 41. Qd7+ Kg6 42. Rxf6+ Kxf6 43. Qe7+ Kg6 44. Qg5+ Kf7 45. Qxf5+ Kg7 46. Qxg4+ Kf6 47.
Qxd1 Qxd1 48. Rxd1 Ke6 49. f5+ Ke5 50. f6 Kxf6 51.
Rxd5 c3 52. bxc3 bxc3 53. Rc5 1-0

[Event "Late-Titled-Tuesday-Blitz-January-23-2024"]
[Site "Chess.com"]
[Date "2024.01.23"]
[Round "11"]
[White "ImportedItalianMaple"]
[Black "Nouali_Mohamed"]
[Result "1-0"]
[WhiteElo "2456"]
[BlackElo "2534"]
[TimeControl "180+1"]
[EndTime "16:02:44 PST"]
[Termination "ImportedItalianMaple won on time"]

1. e4 c5 2. Nf3 Nc6 3. d4 cxd4 4.
Nxd4 g6 5. c4 Bg7 6. Be3 Nf6 7.
Nc3 O-O 8. Be2 d6 9. O-O Nxd4 10.
Bxd4 Be6 11. Qd2 Qa5 12. Rfd1 Rfc8 13. b3 a6 14. Nd5 Qxd2 15. Nxf6+ Bxf6 16. Rxd2 Bxd4 17. Rxd4 b5 18. cxb5 axb5 19. Bxb5 Bxb3 20. a4 Rc5 21. Rb4 Be6 22. a5 Ra7 23. a6 Bc8 24. Bf1 Kg7 25. h3 h5 26. Rb8 Rcc7 27. Rb6 Kf6 28. g3 g5 29. Re1 Rc5 30. f4 gxf4 31. gxf4 Kg7 32.
Kh2 h4 33. Re2 Ra5 34. Rg2+ Kh7 35. Rg5 Bxa6 36. Rxa5 1-0

[Event "Late-Titled-Tuesday-Blitz-January-23-2024"]
[Site "Chess.com"]
[Date "2024.01.23"]
[Round "11"]
[White "mbchess97"]
[Black "el008"]
[Result "0-1"]
[WhiteElo "2340"]
[BlackElo "2478"]
[TimeControl "180+1"]
[EndTime "16:02:45 PST"]
[Termination "el008 won on time"]

1. c4 b6 2. d4 Bb7 3. Nc3 e6 4. a3 Nf6 5. Bg5 Be7 6. e3 d6 7.
Nf3 Ne4 8. Nxe4 Bxe4 9. Bf4 Nd7 10. Bd3 Nf6 11. Qc2 Bxd3 12. Qxd3 d5 13. Rc1 c5 14.
cxd5 Nxd5 15. Qb5+ Qd7 16. Qxd7+ Kxd7 17. Ne5+ Ke8 18.
Bg3 cxd4 19. exd4 f6 20. Nc6 Kd7 21. Nxe7 Kxe7 22. O-O Rhc8 23. f3 Kd7 24. Kf2 Rc6 25. Rxc6 Kxc6 26. Rc1+ Kd7 27. Ke2 Rc8 28. Rxc8 Kxc8 29.
Kd3 Kb7 30. Bd6 Kc6 31. Bb8 a6 32. g3 Ne7 33. Ke4 Kb5 34. b3 Kc6 35. h3 Nf5 36. g4 Ne7 37. h4 Kd7 38. h5 Nd5 39. Kd3 Kc8 40. Bg3 g6 41. hxg6 hxg6 42. Bh2 f5 43.
Bg3 b5 44. a4 Kd7 45. axb5 axb5 46. Bh2 Ke8 47. Be5 Kf7 48. Bd6 Kf6 49. Be5+ Kg5 50. gxf5 gxf5 51. Bd6 Kh4 52. Ke2 Kh3 53. Be5 Kg2 54.
Bd6 Kg1 55. Be5 Kh1 56. Bd6 Kg2 57. Be5 Ne7 58. Bd6 Nc6 59. Bc5 f4 60. Bb6 Ne7 61. Bc7 Nd5 62. Be5 Kg3 63. Bd6 Nc3+ 64. Kd3 Nb1 65. Ke2 Nc3+ 66. Kd3 Nd1 67. Ke2 Nf2 68. Be5 Nh3 69. Bd6 Ng1+ 70. Kd3 Kxf3 0-1

[Event "Late-Titled-Tuesday-Blitz-January-23-2024"]
[Site "Chess.com"]
[Date "2024.01.23"]
[Round "11"]
[White "Maect19"]
[Black "Noki102"]
[Result "0-1"]
[WhiteElo "2315"]
[BlackElo "2441"]
[TimeControl "180+1"]
[EndTime "16:02:46 PST"]
[Termination "Noki102 won by resignation"]

1. c4 e5 2. Nc3 Nc6 3. g3 Bb4 4. Bg2 Nge7 5. e3 d6 6. Nge2 Bf5 7. a3 Bxc3 8. bxc3 Bd3 9. O-O O-O 10. Re1 f5 11. a4 b6 12. Ba3 Kh8 13. Nc1 Bxc4 14. d4 e4 15. Ne2 Nd5 16. Qd2 Na5 17. Rab1 Bd3 18. Rb5 Bxb5 19. axb5 Nc4 20. Qa2 Nxa3 21. Qxd5 Qe8 22. c4 Qf7 23. Nf4 Qxd5 24. Nxd5 Rf7 25. Rc1 a6 26. bxa6 Rxa6 27. c5 bxc5 28. dxc5 dxc5 29.
Rxc5 c6 30. Nb4 Rb6 31. Nxc6 Rc7 32. Rxf5 g6 33. Ra5 Rcxc6 34. Rxa3 Rc1+ 35. Bf1 Rbb1 36. Kg2 Rxf1 37. Ra8+ Kg7 38. Ra4 Rg1+ 39. Kh3 Rbf1 40. Rxe4 Rxf2 41. Re7+ Kh6 42. Kg4 Rxh2 43. e4 Rhg2 44.
Kf4 Rxg3 45. Ke5 Rg5+ 46. Kd6 Rd1+ 47. Kc6 Rg2 48. Kc5 Rc2+ 49. Kb4 Rb1+ 50. Ka3 Rc8 0-1

[Event "Late-Titled-Tuesday-Blitz-January-23-2024"]
[Site "Chess.com"]
[Date "2024.01.23"]
[Round "11"]
[White "Zhigalko_Sergei"]
[Black "FontVella8"]
[Result "1-0"]
[WhiteElo "2963"]
[BlackElo "2750"]
[TimeControl "180+1"]
[EndTime "16:02:48 PST"]
[Termination "Zhigalko_Sergei won on time"]

1. e4 c6 2. d4 d5 3. e5 Bf5 4. Nf3 e6 5. Be2 Nd7 6. O-O h6 7. Nbd2 a6 8. a4 Qc7 9. a5 g5 10. c4 Ne7 11. c5 Ng6 12. Nb3 f6 13. Ne1 Nf4 14. Bxf4 gxf4 15. Bg4 fxe5 16. Bxf5 exf5 17. Qh5+ Kd8 18. Qxf5 Be7 19. dxe5 Qxe5 20. Qh3 Qxb2 21. Rd1 Bf6 22. Nc1 Kc7 23. Ncd3 Qd4 24. Nf3 Qc4 25. Qf5 Qe4 26. Qh3 Rae8 27. Rfe1 Qc4 28. Rxe8 Rxe8 29. Qxh6 Re4 30. h4 Qc2 31. Rd2 Qb1+ 32. Kh2 Qb5 33. Ng5 Bxg5 34. Qxg5 Qxa5 35. Nxf4 Qc3 36. Rxd5 1-0

[Event "Late-Titled-Tuesday-Blitz-January-23-2024"]
[Site "Chess.com"]
[Date "2024.01.23"]
[Round "11"]
[White "Defenstrator"]
[Black "Korchmar_Vasiliy"]
[Result "0-1"]
[WhiteElo "2502"]
[BlackElo "2711"]
[TimeControl "180+1"]
[EndTime "16:02:48 PST"]
[Termination "Korchmar_Vasiliy won by resignation"]

1. Nc3 Nc6 2. Nf3 Nf6 3. d4 e5 4. Nxe5 Nxe5 5. dxe5 Ng4 6. Bf4 g5 7. Bg3 Bg7 8. Qd5 Qe7 9. Nb5 c6 10. Nd6+ Kf8 11. Qe4 Nxe5 12. Nf5 d5 13. Nxe7 dxe4 14. Nxc8 Rxc8 15. O-O-O e3 16. h4 g4 17. Bf4 exf2 18. e3 Bf6 19. Be2 Rg8 20. Rd6 Ke7 21. Rd4 Rce8 22. Re4 Kf8 23. Bh6+ Bg7 24. Bf4 f5 25. Rb4 b5 26. h5 Bf6 27. Rd4 Kf7 28. Rd6 Rd8 29.
Bxe5 Bxe5 30. Rxc6 f4 31. e4 f3 32. gxf3 g3 33.
Bf1 Bf4+ 0-1

[Event "Late-Titled-Tuesday-Blitz-January-23-2024"]
[Site "Chess.com"]
[Date "2024.01.23"]
[Round "11"]
[White "VitaliyChayka"]
[Black "TV27"]
[Result "0-1"]
[WhiteElo "2385"]
[BlackElo "2187"]
[TimeControl "180+1"]
[EndTime "16:02:49 PST"]
[Termination "TV27 won on time"]

1. d4 f5 2. Bf4 d5 3. e3 g6 4.
c4 Nf6 5. Nc3 c6 6. Nf3 Bg7 7.
Bd3 O-O 8. O-O e6 9. Qc2 Ne4 10. h3 Na6 11. a3 Nc7 12. Ne2 Ne8 13. Ne5 g5 14. Bh2 h5 15. f3 N4d6 16. c5 Bxe5 17. dxe5 Nf7 18. Nd4 Ng7 19. g4 Nh6 20. Kh1 Bd7 21.
Rg1 Kh8 22. gxf5 Ngxf5 23. Rae1 Nxd4 24. exd4 Nf5 25. f4 gxf4 26. Bxf4 Qh4 27. Qh2 Rg8 28. Rxg8+ Rxg8 29. Rg1 Rxg1+ 30. Kxg1 Qe1+ 31. Bf1 Be8 32. Qg2 Bf7 33. Qg5 Kh7 34. Kg2 Qb1 35. Qf6 Qc2+ 36. Kg1 Bg6 0-1

[Event "Late-Titled-Tuesday-Blitz-January-23-2024"]
[Site "Chess.com"]
[Date "2024.01.23"]
[Round "11"]
[White "sansanathalia"]
[Black "jamengrand"]
[Result "1-0"]
[WhiteElo "2397"]
[BlackElo "2273"]
[TimeControl "180+1"]
[EndTime "16:02:51 PST"]
[Termination "sansanathalia won by resignation"]

1. d4 d5 2. Nf3 Nf6 3. e3 g6 4. Be2 Bg7 5. O-O O-O 6. b3 Ne4 7. Bb2 f5 8. Nbd2 c6 9. Ne5 Nd7 10. Nxd7 Bxd7 11. Nxe4 fxe4 12. c4 e6 13. f3 Qg5 14. f4 Qf6 15. cxd5 exd5 16. Bg4 Be8 17. Rc1 h5 18. Be2 Bd7 19. Qe1 Bh6 20. Qg3 h4 21.
Qe1 g5 22. Ba3 gxf4 23. Bxf8 Rxf8 24. exf4 Qxd4+ 25. Kh1 h3 26. Qg3+ Kh8 27. Qh4 hxg2+ 28.
Kxg2 Qg7+ 29. Kh1 Qf6 30. Qh5 d4 31. Rg1 Be8 32. Qh3 d3 33. Bg4 Kh7 34. Rc5 Qxf4 35. Rf5 Rxf5 36. Bxf5+ Kh8 37. Qg2 Qf3 38. Qxf3 exf3 39.
Bxd3 Be3 40. Rg3 Bh5 41. Rh3 Kg7 42. Rxh5 Kf6 43. Rf5+ Ke6 44. Rxf3 Bd4 45. h4 1-0

[Event "Late-Titled-Tuesday-Blitz-January-23-2024"]
[Site "Chess.com"]
[Date "2024.01.23"]
[Round "11"]
[White "TigrVShlyape"]
[Black "LyonBeast"]
[Result "1/2-1/2"]
[WhiteElo "2954"]
[BlackElo "3158"]
[TimeControl "180+1"]
[EndTime "16:02:52 PST"]
[Termination "Game drawn by repetition"]

1. d4 Nf6 2. Bf4 g6 3. Nf3 Bg7 4. c3 O-O 5. Nbd2 d6 6. h3 c5 7.
dxc5 dxc5 8. e4 Nc6 9. Be2 Be6 10. O-O Qb6 11. Qc2 Rfd8 12. Ng5 Na5 13. Nxe6 Qxe6 14. Rfe1 b6 15. Ba6 Nh5 16. Be3 Be5 17. Be2 Nf4 18. Bf1 c4 19. Nf3 Nd3 20. Red1 Bd6 21.
Bxd3 cxd3 22. Rxd3 Qxe4 23. Rad1 h5 24. b3 Nb7 25. Qd2 Bc7 26. Ng5 Qxd3 27. Qxd3 Rxd3 28. Rxd3 Bd6 29. g4 hxg4 30. hxg4 f6 31. Ne4 Kf7 32. Kg2 Rc8 33. c4 g5 34. Rd5 Ke6 35. f3 Rh8 36. Bg1 Be5 37. Rd1 Rc8 38. Rd5 Nd6 39. Nxd6 exd6 40. Bf2 Kd7 41. Bg3 Kc6 42. a4 a6 43. Bf2 Rb8 44. Rd1 b5 45. cxb5+ axb5 46. Rc1+ Kd7 47. a5 Ra8 48. b4 Bf4 49. Rc2 Ra6 50.
Kf1 Rc6 51. Rxc6 Kxc6 52. Ke2 d5 53. Kd3 Bd6 54. Be1 Be5 55. Bc3 Kb7 56. Bd4 Ka6 57. Bc5 Kb7 58. Bd4 Ka6 59. Bc5 Kb7 60. Bd4 1/2-1/2

[Event "Late-Titled-Tuesday-Blitz-January-23-2024"]
[Site "Chess.com"]
[Date "2024.01.23"]
[Round "11"]
[White "DrCeltic"]
[Black "ATM622"]
[Result "0-1"]
[WhiteElo "2595"]
[BlackElo "2495"]
[TimeControl "180+1"]
[EndTime "16:02:53 PST"]
[Termination "ATM622 won on time"]

1. e4 c6 2. d4 d5 3. exd5 cxd5 4. c4 e6 5. Nc3 Nf6 6. Nf3 Be7 7. cxd5 exd5 8.
Bd3 Nc6 9. O-O O-O 10. h3 h6 11. Be3 Be6 12. Qd2 Re8 13. Rfe1 Rc8 14. Bb5 Qb6 15. Bxh6 gxh6 16. Qxh6 Ne4 17. Bd3 Bf8 18. Qh5 Bg7 19. Bxe4 dxe4 20. Nxe4 Nxd4 21. Nfg5 Qxb2 22. Nd6 Ne2+ 23.
Kh1 Nf4 24. Qh7+ Kf8 25. Nxc8 Rxc8 26. Nxe6+ Nxe6 27. Rab1 Qc3 28. Rec1 Qxc1+ 29. Rxc1 Rxc1+ 30. Kh2 Rf1 31. Qc2 Bd4 32. f3 Be5+ 33. g3 Bd4 34. Qc8+ Kg7 35. h4 Rxf3 36. Qxb7 Rf2+ 37. Kh3 Rxa2 38. Qe4 Rf2 39. Qg4+ Kf8 40. Qh5 Rf1 41. Qd5 Rg1 42. Qd6+ Kg7 43. Qd5 Bf2 44. Qe5+ Kg8 45. Qb8+ Kh7 46. g4 Bg3 0-1